 Dungeon Crawl Stone Soup version 0.31.0-11-ge490571c62 (webtiles) character file.

Game seed: 11673777792325884935

3484 sasquatch the Cleaver (level 10, -6/70 HPs)
             Began as a Formicid Fighter on Jan 30, 2024.
             Was a Believer of Makhleb.
             Mangled by a warg (16 damage)
             ... on level 9 of the Dungeon.
             The game lasted 00:10:08 (7176 turns).

sasquatch the Cleaver (Formicid Fighter)            Turns: 7176, Time: 00:10:09

Health: -6/70      AC: 30    Str: 25    XL:     10   Next: 27%
Magic:  10/10      EV: 12    Int:  8    God:    Makhleb [**....]
Gold:   848        SH:  5    Dex: 13    Spells: 9/9 levels left

rFire   + . .        l - +2 battleaxe (elec)
rCold   . . .        c - +0 buckler
rNeg    . . .        t - +15 Maxwell's patent armour {-Cast -Tele rElec Will+ rCorr}
rPois   .            (helmet unavailable)
rElec   +            (no cloak)
rCorr   +            I - +0 pair of gloves
SInv    +            (no boots)
Will    ++...        B - amulet of the acrobat Stlth
                     n - ring of protection from fire
HPRegen 0.31/turn    p - +5 ring of evasion
MPRegen 0.12/turn

%: no spellcasting, acrobat
@: studying Maces & Flails
A: permanent stasis, dig shafts and tunnels, antennae 3, four strong arms
a: Dig, Shaft Self, Renounce Religion, Minor Destruction


You were on level 9 of the Dungeon.
You worshipped Makhleb.
Makhleb was pleased with you.
You visited 2 branches of the dungeon, and saw 10 of its levels.

You collected 848 gold pieces.

Inventory:

Hand Weapons
 a - a +0 war axe
 l - a +2 battleaxe of electrocution (weapon)
 v - a +2 hand axe of electrocution
 D - a +0 war axe
 G - a +4 morningstar of protection
Missiles
 h - 11 boomerangs
 m - 28 poisoned darts (quivered)
Armour
 c - a +0 buckler (worn)
 t - the +15 Maxwell's patent armour (worn) {-Cast -Tele rElec Will+ rCorr}
   (You acquired it on level 4 of the Dungeon)

   rElec:     It insulates you from electricity.
   Will+:     It increases your willpower.
   -Cast:     It prevents spellcasting.
   -Tele:     It prevents most forms of teleportation.
   rCorr:     It protects you from acid and corrosion.
 I - a +0 pair of gloves (worn)
Jewellery
 f - a ring of flight
 n - a ring of protection from fire (left hand)
 p - a +5 ring of evasion (right hand)
 B - an amulet of the acrobat (around neck)
Wands
 w - a wand of roots (3)
 y - a wand of flame (20)
 C - a wand of paralysis (9)
Scrolls
 j - 4 scrolls of enchant armour
 k - a scroll of fog {unknown}
 q - a scroll of torment {unknown}
 r - a scroll of noise
 E - 2 scrolls of fear
Potions
 d - 2 potions of might
 e - a potion of magic
 g - 3 potions of invisibility
 i - 10 potions of degeneration
 o - 3 potions of attraction
 s - a potion of curing
 u - 3 potions of enlightenment
 x - a potion of heal wounds
 z - 2 potions of ambrosia
 F - a potion of haste
Miscellaneous
 H - a tin of tremorstones (2/2)


   Skills:
 - Level 3.2 Fighting
 + Level 11.4 Axes
 + Level 9.9 Armour
 - Level 4.0 Shields


You had 9 spell levels left.
You didn't know any spells.
Your spell library contained the following spells:

 Spells                   Type           Power      Damage    Failure   Level
 Apportation              Tloc           0%         N/A       99%         1
 Magic Dart               Conj           0%         1d3       99%         1
 Sting                    Conj/Alch      0%         1d3       99%         1
 Call Imp                 Summ           0%         N/A       100%        2
 Cigotuvi's Dreadful Rot  Necr/Alch/Air  0%         N/A       100%        2
 Jinxbite                 Hex            0%         N/A       100%        2
 Lesser Beckoning         Tloc           0%         N/A       100%        2
 Mercury Vapours          Alch/Air       0%         N/A       100%        2
 Gell's Gravitas          Tloc           0%         N/A       100%        3
 Teleport Other           Tloc           0%         N/A       100%        3
 Dispel Undead            Necr           0%         3d6       100%        4
 Martyr's Knell           Necr/Summ      0%         N/A       100%        4
 Olgreb's Toxic Radiance  Alch           0%         N/A       100%        4
 Alistair's Intoxication  Alch           0%         N/A       100%        5
 Death Channel            Necr           0%         N/A       100%        6
 Blink                    Tloc           Unusable   N/A       N/A         2

Dungeon Overview and Level Annotations

Branches:
Dungeon (9/15)             Temple (1/1) D:5             Orc (0/2) D:9
   Lair: D:8-11

Altars:
Ashenzari
Cheibriados
Dithmenos
Elyvilon
Gozag
Hepliaklqana
Kikubaaqudgha
Makhleb
Nemelex Xobeh
Okawaru
Qazlal
Ru
Trog
Uskayaw
Vehumet
Yredelemnul
The Shining One

Annotations:
D:2 1 runed translucent door, Crazy Yiuf


Innate Abilities, Weirdness & Mutations

You cannot be hasted, slowed, berserked, paralysed or teleported.
You can dig through walls and to a lower floor.
You have a pair of large antennae on your head. (SInv)
Your four strong arms can wield two-handed weapons with a shield.


Message History

You kill the orc warrior!
Makhleb accepts your kill.
You feel better. You block the warg's attack.
You closely miss the warg. You block the warg's attack.
You slash the warg!
The warg is moderately wounded.
The warg bites you! The warg bites you but does no damage.
You hit the warg but do no damage.
The warg is moderately wounded.
The warg bites you but does no damage. The warg bites you!
You barely miss the warg.
The warg is moderately wounded.
The orc priest miscasts a cantrip.
The warg bites you!
You are too injured to fight recklessly!
You are too injured to fight recklessly!
You are too injured to fight recklessly!
You are too injured to fight recklessly!
The warg completely misses you. The warg attacks as it pursues you!
You block the warg's attack. The warg completely misses you.
You slash the warg!
The warg is severely wounded.
The warg pauses to sniff the ground.
The warg bites you!
* * * LOW HITPOINT WARNING * * *
You barely miss the warg.
The warg is severely wounded.
You block the warg's attack. The warg bites you but does no damage.
The warg attacks as it pursues you! The warg bites you but does no damage.
The warg misses you.
The orc priest looks braver for a moment.
The warg barely misses you.
The orc priest mumbles some strange prayers to Beogh against you.
Beogh smites you!
* * * LOW HITPOINT WARNING * * *
You begin to dig a shaft.
You continue digging a shaft.
The warg stops to sniff the ground.
The warg misses you. The warg bites you!
You die...

####.......####
#..........)..###
{...#.......#....##
.. ##.....###....##
##.8.8.###..8..#
#..o{...#...)).##
#..#'#..#..#'#..#
#h##o##.#.##)##.# {
#@#.?. .#.#.).#.#
#.#.?.#.#.#...#.#
#.##.## #.##.##.#
#..#+# #..#'#..#
{'.. { { +.......#
##.8{ ##..8..## #.
# ##...##
#####.##...#
........+# #


You could see a warg and an orc priest.

Vanquished Creatures
  Prince Ribbit (D:7)
  An acid dragon (D:8)
  3 water moccasins
  2 sky beasts (D:7)
  3 orc warriors (D:9)
  An ice beast (D:7)
  An elephant zombie (D:8)
  3 centaurs
  Blork the orc (D:4)
  3 kobold brigands
  An elf zombie (D:8)
  A bullfrog (D:7)
  2 scorpions
  5 wights (D:7)
  2 bombardier beetles
  A centaur zombie (D:8)
  2 jellies (D:4)
  5 hounds
  A human zombie (D:8)
  5 orc priests
  7 iguanas
  A scorpion zombie (D:8)
  3 sleepcaps
  5 orc wizards
  A killer bee zombie (D:8)
  An ogre zombie (D:8)
  3 hound zombies (D:8)
  2 howler monkey zombies (D:8)
  4 adders
  4 gnolls
  A shadow imp (D:5)
  A white imp (D:6)
  2 ufetubi (D:6)
  3 adder zombies (D:8)
  4 dart slugs
  A ribbon worm (D:2)
  27 orcs
  4 endoplasms
  2 giant cockroaches
  3 goblins
  6 hobgoblins
  3 jackals (D:1)
  2 quokkas (D:1)
  3 ball pythons
  2 bats
  3 frilled lizards
  13 kobolds
  4 rats
159 creatures vanquished.

Notes
Turn   | Place    | Note
-------+----------+-------------------------------------------
     0 | D:1      | sasquatch the Formicid Fighter began the quest for the Orb.
     0 | D:1      | Reached XP level 1. HP: 18/18 MP: 1/1
   157 | D:1      | Reached XP level 2. HP: 21/24 MP: 2/2
   313 | D:1      | Reached skill level 3 in Axes
   455 | D:1      | Found a faded altar of an unknown god.
   798 | D:2      | Reached XP level 3. HP: 29/29 MP: 3/3
  1101 | D:2      | You fall into a shaft and drop 1 floor!
  1261 | D:3      | Reached skill level 4 in Axes
  1261 | D:3      | Reached XP level 4. HP: 34/35 MP: 4/4
  1833 | D:2      | Found a runed translucent door.
  1834 | D:2      | Noticed Crazy Yiuf
  2179 | D:3      | Found a broken altar of Ashenzari.
  2203 | D:3      | Noticed a water moccasin
  2213 | D:3      | Killed a water moccasin
  2214 | D:3      | Reached skill level 5 in Axes
  2214 | D:3      | Reached XP level 5. HP: 16/41 MP: 5/5
  2214 | D:3      | Reached XP level 6. HP: 18/47 MP: 6/6
  2637 | D:3      | Found a glowing golden altar of the Shining One.
  2766 | D:3      | Reached skill level 6 in Axes
  3066 | D:4      | Found a burning altar of Makhleb.
  3221 | D:4      | Became a worshipper of Makhleb the Destroyer
  3307 | D:4      | Noticed a +0 dagger
  3308 | D:4      | Found a hide-covered altar of Uskayaw.
  3309 | D:4      | Noticed a +0 hand axe
  3533 | D:4      | Found a radiant altar of Vehumet.
  3583 | D:4      | Reached skill level 7 in Axes
  3583 | D:4      | Reached XP level 7. HP: 44/52 MP: 7/7
  3694 | D:4      | Noticed Blork the orc
  3706 | D:4      | Killed Blork the orc
  4083 | D:4      | Identified 3 scrolls of acquirement
  4083 | D:4      | Acquired a manual of Maces & Flails
  4085 | D:4      | Acquired the +15 Maxwell's patent armour {-Cast -Tele rElec
                  | Will+ rCorr}
  4085 | D:4      | Found the +15 Maxwell's patent armour {-Cast -Tele rElec
                  | Will+ rCorr}
  4087 | D:4      | Acquired a +2 battleaxe of electrocution
  4131 | D:5      | Entered Level 5 of the Dungeon
  4261 | D:5      | Reached skill level 8 in Axes
  4299 | D:5      | Reached XP level 8. HP: 58/58 MP: 8/8
  4355 | D:5      | Found a staircase to the Ecumenical Temple.
  4364 | Temple   | Entered the Ecumenical Temple
  4513 | D:5      | Reached skill level 5 in Armour
  4522 | D:5      | Found an iron altar of Okawaru.
  4529 | D:5      | Found a stormy altar of Qazlal.
  4815 | D:6      | Reached * piety under Makhleb
  4827 | D:6      | Reached skill level 9 in Axes
  4934 | D:6      | Reached XP level 9. HP: 57/64 MP: 9/9
  5558 | D:7      | Noticed Prince Ribbit
  5562 | D:7      | Killed Prince Ribbit
  5563 | D:7      | Reached skill level 10 in Axes
  5967 | D:7      | Reached ** piety under Makhleb
  6224 | D:8      | Found an ancient bone altar of Kikubaaqudgha.
  6364 | D:8      | Reached XP level 10. HP: 70/70 MP: 10/10
  6394 | D:8      | Reached skill level 11 in Axes
  7137 | D:9      | Found a staircase to the Orcish Mines.
  7176 | D:9      | Mangled by a warg

Illustrated notes

Levels and vault maps discovered:
D:1:      minmay_arrival_solitary_statue, layout_basic,
          ebering_ecumenical_altar_ruins, serial_bayou_lagoon_a
D:2:      layout_loops_ring, minmay_domino_2, uniq_crazy_yiuf_cottage
D:3:      layout_basic, mainiacjoe_overflow_24_doors, lemuel_tele_altar,
          nicolae_underground_beach
D:4:      layout_loops_corners, nicolae_overflow_hidden_temple,
          vehumet_crystals, dancing_weapons_uskayaw,
          corexii_item_surrounded_by_moat, uniq_blork_the_orc
D:5:      layout_cave_pools, jmf_multi_god_temple2, minmay_temple_entry_hall,
          kennysheep_nondescript, blue_anna_alchemist
D:6:      layout_rooms, glass_columns_c, water_maze_lemuel
D:7:      layout_loops_ring, nicolae_concentric_dashed_squares_wild,
          uniq_prince_ribbit1
D:8:      layout_loops_cross, roadster_capsule_ark_zombie
D:9:      layout_basic, fedhas_bush_and_centaur_altar, david_orc_1_choice
Temple:   nicolae_temple_ecumenical_triangle

Skill      XL: |  1  2  3  4  5  6  7  8  9 10 |
---------------+-------------------------------+-----
Axes           | 3 4 5 7 8 9 10 11 | 11.4
Armour         | 4 6 9 |  9.9
Fighting       | |  3.2
Shields        | |  4.0

Action                     |  1- 3 |  4- 6 |  7- 9 | 10-12 || total
---------------------------+-------+-------+-------+-------++-------
  Melee: War axe           |    82 |   105 |    14 |       ||   201
         Battleaxe         |       |       |   204 |    85 ||   289
  Throw: Dart              |       |     3 |       |       ||     3
         Throwing net      |       |     1 |       |       ||     1
Ability: Shaft Self        |     1 |       |       |     1 ||     2
         Dig               |       |     1 |       |       ||     1
  Evoke: Wand              |       |       |     1 |       ||     1
    Use: Scroll            |       |       |     8 |     7 ||    15
         Potion            |       |       |     1 |       ||     1
   Stab: Paralysed         |       |       |     2 |       ||     2
 Armour: Scale mail        |    52 |    58 |    10 |       ||   120
         Plate armour      |       |       |   124 |    57 ||   181
  Dodge: Dodged            |    38 |    46 |   152 |    38 ||   274
  Block: Buckler           |    32 |    21 |    59 |    19 ||   131
